 Dungeon Crawl Stone Soup version bcrawl-1.12.2 (webtiles) character file.

Game seed: 5193903671356896852

42 Ebbett the Sneak (level 3, -1/24 HPs)
             Began as a Vampire Rogue on July 23, 2019.
             Slain by a bullfrog zombie (4 damage)
             ... on level 3 of the Dungeon.
             The game lasted 00:04:03 (1547 turns).

Ebbett the Sneak (Vampire Rogue)                    Turns: 1547, Time: 00:04:04

Health: -1/24      AC:  3    Str: 14    XL:     3   Next: 33%
Magic:  13/13      EV: 11    Int: 11    God:
Gold:   186        SH:  0    Dex: 15    Spells: 2/2 levels left

rFire    . . .     SeeInvis +   a - +3 dagger
rCold    . . .     Gourm    .   (no shield)
rNeg     + . .     Faith    .   c - +0 robe
rPois    .         Spirit   .   (no helmet)
rElec    .         Reflect  .   d - +0 cloak
rCorr    .         Harm     .   (no gloves)
MR       .....                  (no boots)
Stlth    +++++.....             (no amulet)
HPRegen  0.08/turn              k - ring of magical power
MPRegen  0.13/turn              (no ring)

@: no status effects
A: claws 1, fangs 3, see invisible, unbreathing
a: no special abilities


You were on level 3 of the Dungeon.
You were not thirsty.

You visited 1 branch of the dungeon, and saw 3 of its levels.

You collected 186 gold pieces.

Inventory:

Hand Weapons
 a - a +3 dagger (weapon)
 b - a +0 blowgun
 i - a +0 scimitar
Missiles
 e - 80 poisoned needles
Armour
 c - a +0 robe (worn)
 d - a +0 cloak (worn)
Jewellery
 k - a ring of magical power (left claw)
Wands
 f - a wand of flame (15)
 g - a wand of enslavement (15)
Scrolls
 j - 2 scrolls of remove curse
 l - a scroll of teleportation
 m - a scroll of fear {unknown}
 n - a scroll of identify
Potions
 h - 4 potions of blood


   Skills:
 + Level 2.9 Short Blades
 + Level 1.6 Throwing
 + Level 0.2 Dodging
 + Level 7.9 Stealth
 + Level 2.0 Evocations


You had 2 spell levels left.
You didn't know any spells.
Your spell library was empty.

Dungeon Overview and Level Annotations

Branches:
Dungeon (3/12)

Altars:
Cheibriados
Dithmenos
Hepliaklqana
Kikubaaqudgha
Qazlal
Uskayaw
The Shining One


Innate Abilities, Weirdness & Mutations

You have sharp fingernails.
You have razor-sharp teeth.
You have supernaturally acute eyesight. (SInv)
You can survive without breathing.


Message History

The helpless jackal fails to defend itself.
You perforate the jackal like a sieve!!!
You kill the jackal!
The helpless jackal fails to defend itself.
You stick the jackal like a pincushion!!!
You kill the jackal!
You closely miss the bullfrog zombie. The bullfrog zombie hits you.
You hit the bullfrog zombie.
The bullfrog zombie is lightly damaged.
The bullfrog zombie hits you. x2
* * * LOW HITPOINT WARNING * * *
You hit the bullfrog zombie but do no damage.
You bite the bullfrog zombie.
The bullfrog zombie is lightly damaged.
The bullfrog zombie hits you.
* * * LOW HITPOINT WARNING * * *
You hit the bullfrog zombie.
The bullfrog zombie is moderately damaged.
The bullfrog zombie hits you.
You die...

#.≈≈≈≈≈≈≈≈≈≈≈≈≈≈
#.≈≈≈≈≈≈≈≈≈≈≈≈≈≈
#........... ...
#.##.#.##.##...
#.............#
######....####.
#....# #.#.##
#.#@# #.#Z#
..... .#h#..
#..# #.. #.# #.#
# .# #


You could see a bullfrog zombie and a jackal (sleeping).

Vanquished Creatures
  2 worms (D:2)
  2 dart slugs
  An orc (D:3)
  A ball python (D:2)
  3 bats
  3 giant cockroaches
  A goblin (D:2)
  5 hobgoblins
  2 jackals (D:3)
  A frilled lizard (D:1)
  5 kobolds
  3 rats
29 creatures vanquished.

Notes
Turn   | Place    | Note
-------+----------+-------------------------------------------
     0 | D:1      | Ebbett the Vampire Rogue began the quest for the Orb.
     0 | D:1      | Reached XP level 1. HP: 13/13 MP: 2/2
   102 | D:1      | Reached skill level 7 in Stealth
   160 | D:1      | Reached XP level 2. HP: 19/19 MP: 3/3
   809 | D:2      | Found an ancient bone altar of Kikubaaqudgha.
   904 | D:2      | Found a shadowy altar of Dithmenos.
   925 | D:2      | Found a hazy altar of Hepliaklqana.
   999 | D:2      | Found a stormy altar of Qazlal.
  1062 | D:2      | Reached XP level 3. HP: 4/24 MP: 4/4
  1090 | D:2      | Found a glowing golden altar of the Shining One.
  1211 | D:2      | Found a hide-covered altar of Uskayaw.
  1212 | D:2      | Noticed a -3 hand axe
  1213 | D:2      | Noticed a +0 dagger
  1489 | D:3      | Found a snail-covered altar of Cheibriados.
  1515 | D:3      | Identified the cursed +1 trident of Lytatuun {vamp, Str+4}
  1515 | D:3      | Identified the +4 scale mail of Fortification {+Blink rN+++
                  | Str+2 Int-3}
  1515 | D:3      | Noticed a gnoll sergeant
  1547 | D:3      | Slain by a bullfrog zombie

Skill      XL: |  1 |
---------------+----+-----
Stealth        | 7 |  7.9
Short Blades   | |  2.9
Throwing       | |  1.6
Dodging        | |  0.2
Evocations     | |  2.0

Action                   || total
-------------------------++-------
Melee: Dagger            ||    92
       Bite              ||     8
  Use: Scroll            ||     4
       Potion            ||     2
 Stab: Sleeping          ||    13
Armor: Robe              ||    12
Dodge: Dodged            ||    25
